General information
- name: BNet
- type: Ladder team game (AT/RT)
- host: Battle.net
- saver: 418
map: CopperCanyon
- players: 4
- length: 29:43
- speed: Fast
- version: 1.26 W3XP
- replay type: Public
» download(153 KB)
Players
team 1 (winner)

»
418 (
teal | 92 APM | 2748 actions | 29:43)
5 Archmage
3 Summon Water Elemental
2 Brilliance Aura
5 Mountain King
3 Storm Bolt
2 Thunder Clap
5 Paladin
3 Holy Light
2 Divine Shield
» actions
| Assign group hotkey | 38 | |
| Basic commands | 67 | |
| Build / train | 97 | |
| Enter build submenu | 36 | |
| Enter hero's abilities submenu | 15 | |
| Give item / drop item | 7 | |
| Right click | 1377 | |
| Select / deselect | 601 | |
| Select group hotkey | 345 | |
| Use ability | 165 | |
2748 total
» units
| Peasant | 22 | |
| Footman | 11 | |
| Dragonhawk Rider | 5 | |
| Gryphon Rider | 11 | |
49 total
» upgrades
| Defend | 1 | |
| Masonry | 3 | |
| Lumber Harvesting | 2 | |
| Swords | 2 | |
| Magic Sentry | 1 | |
| Armor | 3 | |
| Storm Hammers | 1 | |
| Animal War Training | 1 | |
| Cloud | 1 | |
15 total
» buildings
| Altar of Kings | 1 | |
| Barracks | 1 | |
| Farm | 10 | |
| Keep | 1 | |
| Lumber Mill | 1 | |
| Scout Tower | 4 | |
| Arcane Vault | 1 | |
| Guard Tower | 6 | |
| Blacksmith | 1 | |
| Arcane Sanctum | 1 | |
| Gryphon Aviary | 2 | |
| Town Hall | 3 | |
| Castle | 1 | |
33 total
» build order
00:08 Altar of Kings
00:22 Barracks
00:33 Farm
00:39 Farm
02:03 Farm
02:58 Farm
03:12 Keep
04:17 Lumber Mill
04:21 Scout Tower
04:24 Scout Tower
04:44 Arcane Vault
05:17 Farm
05:25 Guard Tower
05:26 Guard Tower
07:21 Blacksmith
08:04 Scout Tower
08:32 Farm
08:37 Guard Tower
08:59 Arcane Sanctum
09:22 Gryphon Aviary
09:28 Guard Tower
10:17 Town Hall
10:19 Scout Tower
10:29 Castle
10:46 Guard Tower
11:30 Gryphon Aviary
11:40 Guard Tower
12:39 Farm
12:42 Farm
14:37 Farm
14:55 Farm
21:30 Town Hall
27:48 Town Hall
» items
| Ivory Tower | 4 | |
| Scroll of Regeneration | 1 | |
| Staff of Sanctuary | 1 | |
6 total

»
BALLER4LIFE (
blue | 68 APM | 2009 actions | 29:43)
7 Demon Hunter
3 Mana Burn
3 Evasion
1 Metamorphosis
» actions
| Assign group hotkey | 27 | |
| Basic commands | 4 | |
| Build / train | 92 | |
| Enter build submenu | 35 | |
| Enter hero's abilities submenu | 7 | |
| Remove unit from queue | 1 | |
| Right click | 1130 | |
| Select / deselect | 556 | |
| Select group hotkey | 68 | |
| Use ability | 88 | |
2009 total
» units
| Wisp | 39 | |
| Dryad | 10 | |
| Druid of the Claw | 3 | |
| Hippogryph | 8 | |
| Druid of the Talon | 2 | |
| Chimaera | 6 | |
68 total
» upgrades
| Abolish Magic | 1 | |
| Druid of the Claw Training | 2 | |
| Reinforced Hides | 2 | |
| Corrosive Breath | 1 | |
| Mark of the Claw | 1 | |
7 total
» buildings
| Altar of Elders | 1 | |
| Moon Well | 9 | |
| Tree of Ages | 1 | |
| Hunter's Hall | 1 | |
| Ancient of Lore | 4 | |
| Ancient of Wonders | 1 | |
| Tree of Eternity | 1 | |
| Ancient Protector | 3 | |
| Ancient of Wind | 3 | |
| Tree of Life | 7 | |
| Chimaera Roost | 2 | |
33 total
» build order
00:08 Altar of Elders
00:09 Moon Well
01:59 Tree of Ages
02:18 Hunter's Hall
02:48 Moon Well
03:39 Moon Well
04:24 Ancient of Lore
04:39 Ancient of Lore
04:54 Ancient of Lore
05:01 Ancient of Lore
05:21 Moon Well
05:55 Moon Well
06:03 Moon Well
06:30 Moon Well
06:42 Moon Well
07:28 Ancient of Wonders
08:09 Tree of Eternity
08:46 Ancient Protector
08:58 Ancient Protector
09:04 Ancient Protector
10:36 Ancient of Wind
12:27 Ancient of Wind
12:44 Ancient of Wind
13:40 Tree of Life
13:49 Moon Well
18:51 Chimaera Roost
18:53 Chimaera Roost
20:03 Tree of Life
26:53 Tree of Life
27:00 Tree of Life
27:36 Tree of Life
28:01 Tree of Life
28:46 Tree of Life
» items
| Potion of Healing | 2 | |
| Orb of Venom | 1 | |
| Anti-magic Potion | 2 | |
| Scroll of Town Portal | 1 | |
6 total
team 2 (loser)

»
007 (
orange | 75 APM | 2223 actions | 29:43)
5 Blademaster
2 Wind Walk
3 Critical Strike
5 Shadow Hunter
2 Hex
3 Healing Wave
3 Tauren Chieftain
2 War Stomp
1 Endurance Aura
» actions
| Assign group hotkey | 28 | |
| Basic commands | 283 | |
| Build / train | 93 | |
| ESC pressed | 2 | |
| Enter build submenu | 17 | |
| Enter hero's abilities submenu | 15 | |
| Give item / drop item | 8 | |
| Right click | 779 | |
| Select / deselect | 542 | |
| Select group hotkey | 238 | |
| Use ability | 218 | |
2223 total
» units
| Peon | 8 | |
| Wind Rider | 8 | |
| Troll Batrider | 15 | |
31 total
» upgrades
| Envenomed Spears | 1 | |
| Ranged Weapons | 1 | |
| Armor | 1 | |
| Reinforced Defenses | 1 | |
| War Drums Damage Increase | 1 | |
5 total
» buildings
| Altar of Storms | 1 | |
| Orc Burrow | 4 | |
| Voodoo Lounge | 1 | |
| War Mill | 1 | |
| Stronghold | 5 | |
| Watch Tower | 3 | |
| Beastiary | 2 | |
| Fortress | 2 | |
| Great Hall | 2 | |
21 total
» build order
00:09 Altar of Storms
00:18 Orc Burrow
01:04 Voodoo Lounge
01:15 War Mill
01:57 Orc Burrow
02:40 Stronghold
02:40 Stronghold
02:40 Stronghold
02:59 Watch Tower
03:34 Watch Tower
04:07 Watch Tower
04:49 Orc Burrow
05:10 Beastiary
05:15 Beastiary
06:04 Fortress
08:12 Orc Burrow
13:02 Great Hall
15:10 Great Hall
» items
| Healing Salve | 6 | |
| Lesser Clarity Potion | 10 | |
| Scroll of Speed | 2 | |
| Boots of Speed | 1 | |
| Scroll of Town Portal | 2 | |
| Potion of Lesser Invulnerability | 1 | |
| Orb of Lightning | 2 | |
| Tiny Great Hall | 1 | |
25 total

»
CrushOrange (
pink | 47 APM | 1393 actions | 29:43)
3 Blademaster
1 Wind Walk
2 Critical Strike
3 Shadow Hunter
2 Hex
1 Healing Wave
3 Tauren Chieftain
1 War Stomp
2 Endurance Aura
» actions
| Assign group hotkey | 1 | |
| Basic commands | 1 | |
| Build / train | 62 | |
| Enter build submenu | 28 | |
| Enter hero's abilities submenu | 9 | |
| Give item / drop item | 4 | |
| Remove unit from queue | 2 | |
| Right click | 784 | |
| Select / deselect | 403 | |
| Select group hotkey | 1 | |
| Use ability | 98 | |
1393 total
» units
| Peon | 11 | |
| Wind Rider | 11 | |
| Raider | 1 | |
23 total
» upgrades
| Ranged Weapons | 3 | |
| Envenomed Spears | 1 | |
| Reinforced Defenses | 1 | |
| Liquid Fire | 1 | |
| Armor | 2 | |
| Ensnare | 1 | |
| Melee Weapons | 1 | |
10 total
» buildings
| Altar of Storms | 1 | |
| Orc Burrow | 5 | |
| War Mill | 2 | |
| Voodoo Lounge | 1 | |
| Watch Tower | 14 | |
| Stronghold | 1 | |
| Fortress | 1 | |
| Beastiary | 2 | |
27 total
» build order
00:25 Altar of Storms
00:37 Orc Burrow
00:56 War Mill
01:02 War Mill
01:20 Voodoo Lounge
01:48 Orc Burrow
02:30 Watch Tower
03:31 Stronghold
03:39 Orc Burrow
03:44 Watch Tower
04:18 Watch Tower
05:12 Watch Tower
05:55 Fortress
05:59 Beastiary
06:17 Beastiary
06:53 Orc Burrow
17:45 Watch Tower
17:46 Watch Tower
17:48 Watch Tower
18:03 Watch Tower
18:22 Orc Burrow
20:03 Watch Tower
20:06 Watch Tower
25:55 Watch Tower
25:58 Watch Tower
26:03 Watch Tower
26:10 Watch Tower
» items
| Healing Salve | 4 | |
| Lesser Clarity Potion | 3 | |
| Scroll of Speed | 1 | |
| Orb of Lightning | 2 | |
| Tiny Great Hall | 1 | |
| Scroll of Town Portal | 1 | |
12 total
Chat log
(00:14 / Allies) BALLER4LIFE: rifles hunts?
(00:17 / Allies) 418: rifles are shit
(00:27 / Allies) BALLER4LIFE: well im 50/50 hunts
(00:27 / Allies) 418: id prefer you go dh tech to dryads
(00:29 / Allies) BALLER4LIFE: or no ?
(00:32 / Allies) BALLER4LIFE: ok
(00:50 / Allies) 418: rifles are the worst unit in the game imo
(00:55 / Allies) BALLER4LIFE: lol
(00:57 / Allies) BALLER4LIFE: no way
(00:59 / Allies) 418: yes
(01:07 / Allies) 418: they are the jack of all master of none
(01:19 / Allies) 418: anything you think they kill, there is another human unit that does it way better
(01:23 / Allies) 418: you cant say that about fiends hh or archers
(01:29 / All) CrushOrange: i hope that they are NE/HU
(01:32 / All) CrushOrange: that will be perfect
(01:33 / All) CrushOrange: for us
(01:35 / Allies) BALLER4LIFE: zzz
(01:36 / Allies) BALLER4LIFE: mh
(01:54 / Allies) BALLER4LIFE: still want me tech?
(01:58 / Allies) 418: make 1 aow hunts
(02:11 / Allies) BALLER4LIFE: too late
(02:12 / Allies) BALLER4LIFE: lol
(02:21 / Allies) 418: you think i meant straight tech?
(02:24 / All) 007: oh damn a wisp
(02:28 / Allies) BALLER4LIFE: yea
(02:40 / Allies) BALLER4LIFE: no rax
(02:43 / Allies) 418: feeding
(02:44 / Allies) 418: probably ud
(03:16 / Allies) 418: guarantee its ud
(03:25 / All) CrushOrange: ur ally hacks blue
(03:49 / Allies) 418: theyre teching
(03:56 / All) 007: bro I got salves
(03:57 / All) 007: lolol
(04:29 / Allies) 418: not a strategy i want to face
(04:41 / All) CrushOrange: bro im so swoll
(04:42 / Allies) BALLER4LIFE: well they mh
(05:05 / Allies) 418: jsut survive
(05:38 / Allies) BALLER4LIFE: lol
(05:41 / Allies) BALLER4LIFE: they killed my wisp
(05:43 / Allies) BALLER4LIFE: in a corner
(05:59 / Allies) 418: they think theyre something special
(06:05 / Allies) 418: hes pretty stupid
(06:23 / Allies) 418: dont need mass mass mass dryads
(06:27 / Allies) 418: theyre going beastiary shit
(06:28 / Allies) 418: play to counter them
(06:51 / Allies) BALLER4LIFE: wood?
(07:03 / Allies) 418: busy
(07:55 / Allies) 418: morons
(08:14 / Allies) 418: go scout the expoe3s
(08:45 / Allies) 418: get winds
(08:52 / All) CrushOrange: i hate
(08:55 / All) CrushOrange: everything about blacks
(08:59 / All) 007: ^
(09:05 / All) 418: you must be jewish then too
(09:09 / All) 418: self loathing jewish nigger
(09:11 / All) CrushOrange: hate jews too
(09:14 / All) 007: LOL
(10:37 / Allies) 418: single mine wyverns
(10:55 / Allies) 418: they only have wyverns right now
(10:56 / Allies) 418: only
(11:50 / Allies) BALLER4LIFE: damn it man
(11:53 / Allies) 418: what do you want
(11:56 / Allies) 418: potm hunts wouldve failed miserably
(12:02 / Allies) BALLER4LIFE: just
(12:03 / Allies) BALLER4LIFE: mad
(12:04 / Allies) BALLER4LIFE: i lost hero
(12:05 / Allies) BALLER4LIFE: lol
(12:10 / Allies) BALLER4LIFE: i keep forgetting they mh
(12:11 / Allies) BALLER4LIFE: i was dumb
(12:33 / Allies) 418: some hippos
(12:37 / Allies) BALLER4LIFE: truing
(12:40 / Allies) BALLER4LIFE: he killed my winds
(12:52 / Allies) 418: wood me
(14:08 / All) CrushOrange: brb
(14:10 / All) CrushOrange: gotta piss
(14:13 / All) 418: stop getting so mad
(14:42 / Allies) 418: hes got bats
(15:05 / Allies) 418: go
(15:28 / All) 418: thats a shame
(15:33 / Allies) 418: getting cloud
(15:51 / Allies) 418: i have cloud
(16:03 / All) 418: 3 bats for 1 hawk isnt a good trade pal
(16:48 / All) 418: man you guys must be mad
(16:53 / All) 418: losing with maphack is embarassing as fuck
(16:58 / All) CrushOrange: were losing?
(17:02 / All) 418: you sure as shit arent winning
(17:08 / All) CrushOrange: u sure?
(17:11 / All) 418: yeah
(17:38 / Allies) 418: on the way
(17:50 / Allies) 418: lets hit
(17:52 / Allies) 418: i have cloud & gryphs
(17:58 / Allies) 418: tavern your dh & lets go
(18:39 / All) 418: bad trade there bro
(18:42 / All) 418: all that for 1h awk
(18:58 / All) 418: more bad trades
(19:14 / All) 418: rough go
(19:36 / Allies) 418: orange bm
(20:09 / Allies) 418: finish expo i need more grpyhs
(20:19 / All) 418: how embarassing
(20:31 / All) 007: Yeh
(20:36 / All) 007: we tried our hardest
(20:38 / All) 007: *Sarcasm
(20:44 / All) 418: you cant use sarcasm lolo
(20:48 / All) 418: you're maphacking and trying your little hearts out
(20:55 / All) 007: LMFAO
(20:56 / All) 007: sure
(21:15 / All) CrushOrange: you arent winning
(21:20 / All) 418: you arent winning you dumb nigger
(21:29 / All) CrushOrange: u mad?
(21:32 / All) 418: why would i be mad
(21:37 / All) CrushOrange: you seem mad
(21:38 / All) 418: im beating try hard maphackers
(21:52 / Allies) 418: go
(22:48 / All) 418: rough go
(22:52 / All) 418: you guys suck
(23:00 / All) 418: all that effort
(23:02 / All) 418: for so little in return
(23:04 / All) 007: Yeah
(23:05 / All) 007: Effor
(23:06 / All) 007: LOLL
(23:08 / All) CrushOrange: lol
(23:09 / All) 007: Effort*
(23:11 / All) 418: dont kid yourselves loser
(23:14 / All) 418: you're trying your asses off and it shows
(23:16 / All) 007: 1v1?
(23:18 / All) 418: why
(23:21 / All) 418: i just raped you in 2v2
(23:23 / All) 007: Oh, you wanna dodge?
(23:25 / All) 418: you think you wont get raped in 1v1?
(23:27 / All) 007: When I wanna play an actual game?
(23:28 / All) 418: you're maphacking and you suck
(23:28 / All) 007: rofl
(23:39 / All) 007: Alright, dodge noob
(23:40 / All) 007: lmao
(23:40 / All) 418: what makes you think your schtick would work in a different setting
(23:45 / All) 418: god you're stupid
(23:49 / All) 007: Cuz we obviously fucked around
(23:51 / All) 007: Dumb noob
(23:51 / All) 007: LOL
(23:55 / All) 418: no you didnt
(23:58 / All) 418: you tried as hard as you could
(24:00 / All) 418: for so little
(24:05 / All) 007: Yeah, tower tech takes skill
(24:08 / All) 007: 1v1?
(24:12 / All) 418: i didnt say it did
(24:14 / All) 418: i said you try hard
(24:37 / Allies) 418: chijm breath it
(25:41 / All) CrushOrange: yall are the ones who seem to be trying
(25:42 / All) CrushOrange: really hard
(25:43 / All) 418: so much effort
(25:45 / All) 418: for so little in return
(25:49 / All) 418: you keep tp'ing
(25:51 / All) 418: i havent used a tp ONCE
(26:00 / Allies) 418: kill heroes
(26:02 / All) 007: cuz I kill you
(26:03 / Allies) BALLER4LIFE: need to get halls
(26:03 / All) 007: Every time
(26:04 / All) 007: LOL
(26:04 / Allies) BALLER4LIFE: and heros
(26:07 / All) 418: you're killing me BY RUNNING
(26:10 / All) 418: nigger i havent ran once
(26:13 / All) 007: No numbnuts
(26:19 / Allies) 418: main him
(26:20 / All) 007: I kill your hero before you even get he chance
(26:21 / All) 007: the*
(26:24 / All) 007: Wih 3% effort
(26:31 / All) 007: With*
(26:37 / All) 007: before you grammar nazi on me
(26:40 / All) 418: you're bad
(26:42 / All) 007: because that's all you have rofl
(27:01 / Allies) 418: altar
(27:17 / All) 418: pathetic
(27:40 / Allies) 418: niggers down
(27:42 / All) 418: niggers down
(27:43 / All) 418: whites up
(27:57 / All) 418: kill yourselves
(28:05 / All) CrushOrange: you seem really mad
(28:09 / All) CrushOrange: im glad i got to you
(28:09 / All) 007: Yeh, coming from the nerd dodging 1v1
(28:12 / All) 418: why would i be mad about raping try hard hackiing losers
(28:15 / All) 007: Too mad to play another game
(28:20 / All) 418: why would you not get raped in 1v1
(28:22 / All) 418: i raped you in 2v2
(28:23 / All) 007: because you had to try so hard
(28:25 / All) 418: when you were trying so hard
(28:27 / All) 007: when we were fucking around
(28:27 / All) 007: ;)
(28:29 / All) 418: so much effort for so little in return
(28:34 / All) 007: What's it like trying so hard
(28:36 / All) 007: on a dying game
(28:40 / All) 418: you tell me
(28:42 / All) CrushOrange: you are trying pretty hard
(28:43 / All) CrushOrange: ill admit
(28:48 / Allies) BALLER4LIFE: lol
(28:49 / Allies) 418: next base quick
(28:52 / All) CrushOrange: especially for a tie
(28:57 / All) 418: lol
(29:00 / All) 418: you're cheating
(29:02 / All) 418: and trying as hard as you can
(29:08 / Allies) 418: next base
(29:08 / All) CrushOrange: man
(29:12 / All) CrushOrange: we are protoing
(29:16 / All) CrushOrange: its the biggest fuck around strat
(29:17 / All) 418: and maphacking
(29:18 / All) CrushOrange: on the planet
(29:20 / Allies) BALLER4LIFE: main
(29:21 / Allies) BALLER4LIFE: main
(29:23 / All) 418: you went tri hero
(29:25 / Allies) BALLER4LIFE: u got cloud?
(29:27 / Allies) 418: no
(29:38 / All) CrushOrange: how many heros do u have?